 Dungeon Crawl Stone Soup version 0.20.0-15-g7f486f2 (webtiles) character file.

83 Omegatherion the Skirmisher (level 4, 0/29 HPs)
             Began as a Gargoyle Monk on June 28, 2017.
             Slain by an adder (4 damage)
             ... on level 2 of the Dungeon.
             The game lasted 00:03:44 (1510 turns).

Omegatherion the Skirmisher (Gargoyle Monk)         Turns: 1510, Time: 00:03:45

Health: 0/29       AC:  6    Str: 15    XL:     4   Next: 44%
Magic:  4/4        EV:  9    Int: 11    God:
Gold:   99         SH:  7    Dex: 12    Spells: 3/3 levels left

rFire    . . .     SeeInvis .   a - +0 mace
rCold    . . .     Gourm    .   p - +0 shield
rNeg     + . .     Faith    .   b - +1 robe
rPois    ∞         Spirit   .   (no helmet)
rElec    +         Reflect  .   (no cloak)
rCorr    .         Harm     .   (no gloves)
MR       .....                  (no boots)
Stlth    ++........             (no amulet)
Regen    0.1/turn               (no ring)
MPRegen  0.1/turn               (no ring)

@: no status effects
A: negative energy resistance 1, electricity resistance, unbreathing,
petrification resistance, rot immunity, AC +3
a: no special abilities


You were on level 2 of the Dungeon.
You were not hungry.

You visited 1 branch of the dungeon, and saw 3 of its levels.

You collected 99 gold pieces.

Inventory:

Hand Weapons
 a - a +0 mace (weapon)
 j - a +0 short sword
Armour
 b - a +1 robe (worn)
 p - a +0 shield (worn)
Scrolls
 g - 4 scrolls of enchant armour
 i - a scroll of teleportation {unknown}
 n - a scroll of enchant weapon {unknown}
 o - a scroll of remove curse
 s - a scroll of identify
Potions
 e - a potion of flight {unknown}
 f - a potion of might {unknown}
 h - 3 potions of heal wounds {unknown}
 k - 3 potions of curing {unknown}
 m - a potion of lignification {unknown}
 r - a potion of cancellation {unknown}
Comestibles
 c - 3 bread rations
 d - 2 fruits
 l - a meat ration
 q - a royal jelly


   Skills:
 + Level 4.0 Fighting
 + Level 3.6 Maces & Flails
 + Level 2.8 Armour
 - Level 2.4 Dodging
 - Level 2.1 Stealth


You had 3 spell levels left.
You didn't know any spells.

Dungeon Overview and Level Annotations

Branches:
Dungeon (3/15)

Altars:
Ashenzari
Fedhas
Sif Muna


Innate Abilities, Weirdness & Mutations

You are resistant to torment.
Your stone body is resilient. (AC +3)
You are immune to poison.
You resist negative energy. (rN+)
You are resistant to electric shocks. (rElec)
You can survive without breathing.
You are immune to petrification.
You are immune to rotting.


Message History

The adder is almost dead.
You block the adder's attack. The ooze hits you but does no damage.
The adder barely misses you.
You miss the adder.
The adder is almost dead.
The adder barely misses you. You block the ooze's attack.
The adder bites you but does no damage.
Things that are here:
a club; a rat corpse x2
The adder closely misses you.
There is an open door here.
There is a stone staircase leading up here.
The adder bites you but does no damage. You block the adder's attack.
You climb upwards.
There is a stone staircase leading down here.
You are too injured to fight recklessly!
You barely miss the adder.
The adder is almost dead.
The adder bites you.
You die...

#.##.##.#............#
#.##.##.##.......###.#
#.......###.....## #..
####.#######...## ##.
#........#.## #.
#........### #.
#.....)).# #######.
#........###.......
##@......##...#####
#.S.....#.....##
#..............#
####...........#
#####.......#
##.....## ##...##
#####


You could see an adder.

Vanquished Creatures
  An adder (D:2)
  4 oozes
  3 worms (D:2)
  A leopard gecko (D:2)
  2 giant cockroaches
  8 goblins
  4 hobgoblins (D:2)
  2 jackals (D:1)
  6 kobolds
  A quokka (D:2)
  4 bats
  4 frilled lizards
  8 rats
48 creatures vanquished.

Notes
Turn   | Place    | Note
-------+----------+-------------------------------------------
     0 | D:1      | Omegatherion the Gargoyle Monk began the quest for the Orb.
     0 | D:1      | Reached XP level 1. HP: 14/14 MP: 1/1
    84 | D:1      | Reached skill level 1 in Armour
   126 | D:1      | Reached XP level 2. HP: 15/19 MP: 2/2
   303 | D:1      | Reached XP level 3. HP: 23/23 MP: 3/3
   860 | D:2      | Found a shattered altar of Ashenzari.
   860 | D:2      | Found a blossoming altar of Fedhas.
   881 | D:2      | Reached skill level 4 in Fighting
   881 | D:2      | Reached XP level 4. HP: 13/29 MP: 4/4
  1232 | D:2      | Found a deep blue altar of Sif Muna.
  1471 | D:3      | HP: 1/29 [worm (2)]
  1510 | D:2      | Slain by an adder

Skill      XL: |  1  2  3 |
---------------+----------+-----
Armour         | 1 2 |  2.8
Fighting       | 4 |  4.0
Maces & Flails | |  3.6
Dodging        | |  2.4
Stealth        | |  2.1

Action                   |  1- 3 |  4- 6 || total
-------------------------+-------+-------++-------
Melee: Mace              |    42 |    73 ||   115
       Short sword       |    73 |       ||    73
  Use: Scroll            |     5 |       ||     5
 Stab: Sleeping          |     4 |     3 ||     7
  Eat: Chunk             |       |     2 ||     2
Armor: Robe              |    37 |    37 ||    74
Dodge: Dodged            |    54 |    29 ||    83
Block: Shield            |     8 |    37 ||    45
